 Dungeon Crawl Stone Soup version 0.22-a0-63-geddfa9b (webtiles) character file.

5946 Amnesiac the Zephyrmancer (level 10, -34/64 HPs)
             Began as a Tengu Air Elementalist on Jan 10, 2018.
             Was a Priest of Sif Muna.
             Killed from afar by an orc sorcerer (45 damage)
             ... with a bolt of fire
             ... in a bailey.
             The game lasted 00:26:12 (9560 turns).

Amnesiac the Zephyrmancer (Tengu Air Elementalist)  Turns: 9560, Time: 00:26:12

Health: -34/64     AC:  4    Str: 22    XL:     10   Next: 84%
Magic:  24/24      EV: 21    Int: 19    God:    Sif Muna [***...]
Gold:   519        SH:  0    Dex: 15    Spells: 22/27 levels left

rFire    x . .     SeeInvis .   F - +10 mace of the Turnip {flame, Str+10}
rCold    + . .     Gourm    .   (no shield)
rNeg     . . .     Faith    .   a - +0 robe
rPois    .         Spirit   .   (helmet restricted)
rElec    .         Reflect  .   K - +0 cloak
rCorr    .         Harm     .   x - +0 pair of gloves
MR       .....                  (boots unavailable)
Stlth    ++........             e - amulet of magic regeneration
HPRegen  0.20/turn              D - ring of ice
MPRegen  0.44/turn              H - +4 ring of strength

@: flying quickly and evasively (expiring), drained, divine energy, quick
A: beak, talons 3, able to fly 1
a: Stop Divine Energy, Channel Magic, Renounce Religion


You were in a bailey.
You worshipped Sif Muna.
Sif Muna was most pleased with you.
You were not hungry.

You visited 2 branches of the dungeon, and saw 9 of its levels.
You also visited: Bailey.

You collected 519 gold pieces.

Inventory:

Hand Weapons
 p - a +0 whip of draining
 F - the +10 mace of the Turnip (weapon) {flame, Str+10}
   (You took it off a crimson imp on level 6 of the Dungeon)

   It has been specially enchanted to burn those struck by it, causing extra
   injury to most foes and up to half again as much damage against particularly
   susceptible opponents.
   It affects your strength (+10).
 J - a +0 falchion of electrocution
Missiles
 f - 2 throwing nets (quivered)
 A - 15 poisoned needles
Armour
 a - a +0 robe (worn)
 x - a +0 pair of gloves (worn)
 I - a +0 buckler
 K - a +0 cloak (worn)
Jewellery
 e - an amulet of magic regeneration (around neck)
 D - a ring of ice (left hand)
 H - a +4 ring of strength (right hand)
Scrolls
 j - a scroll of immolation {!r}
 n - a scroll of identify {!r}
 q - 2 scrolls of enchant armour {!r, unknown}
 s - 4 scrolls of remove curse {!r}
 t - 2 scrolls of amnesia {!r, unknown}
 u - a scroll of magic mapping {!r, unknown}
 w - a scroll of fear {!r, unknown}
 y - a scroll of blinking {!r, unknown}
 z - a scroll of enchant weapon {!r, unknown}
 C - 2 scrolls of teleportation {!r}
 M - a scroll of acquirement {!r}
Potions
 d - a potion of lignification {!q, unknown}
 g - a potion of berserk rage {!q}
 h - a potion of degeneration {!q, unknown}
 i - 2 potions of flight {!q, unknown}
 k - a potion of haste {!q}
 l - a potion of resistance {!q, unknown}
 m - 4 potions of brilliance {!q}
 r - a potion of mutation {!q, unknown}
 v - a potion of might {!q, unknown}
Books
 b - a book of Air

   Spells                             Type                      Level
   a - Shock                          Conjuration/Air              1
   b - Swiftness                      Charms/Air                   2
   c - Static Discharge               Conjuration/Air              3
   d - Airstrike                      Air                          4
   e - Lightning Bolt                 Conjuration/Air              5
 G - a book of Misfortune

   Spells                             Type                      Level
   a - Confusing Touch                Hexes                        1
   b - Confuse                        Hexes                        3
   c - Gell's Gravitas                Translocation                3
   d - Petrify                        Transmutation/Earth          4
   e - Metabolic Englaciation         Hexes/Ice                    5
   f - Yara's Violent Unravelling     Hexes/Transmutation          5
Comestibles
 c - 12 rations
 L - 6 chunks of flesh


   Skills:
 - Level 8.1(7.6) Fighting
 - Level 9.0(8.4) Dodging
 - Level 2.0(1.5) Stealth
 - Level 4.0(3.6) Shields
 * Level 9.4(8.9) Spellcasting
 - Level 1.3(0.9) Conjurations
 + Level 9.4(8.9) Air Magic


You had 22 spell levels left.
You knew the following spells:

 Your Spells              Type           Power        Failure   Level  Hunger
a - Shock                 Conj/Air       ####         1%          1    None
d - Airstrike             Air            #####.....   1%          4    ###....


Dungeon Overview and Level Annotations

Branches:
Dungeon (8/15)             Temple (1/1) D:7
   Lair: D:8-11

Altars:
Ashenzari
Cheibriados
Dithmenos
Elyvilon
Fedhas
Gozag
Hepliaklqana
Kikubaaqudgha
Makhleb
Okawaru
Qazlal
Ru
Sif Muna
Trog
Uskayaw
Vehumet
Wu Jian
Xom
Yredelemnul
Zin
The Shining One

Shops:
D:7 }


Innate Abilities, Weirdness & Mutations

You have a beak for a mouth.
You have claws for feet.
You can fly.


Message History

You kill the orc!
Sif Muna accepts your kill.
You hear a distant "Zot"!
You swing at nothing.
You sock the orc warrior! You burn the orc warrior.
You peck the orc warrior, but do no damage.
The orc warrior is moderately wounded.
You hit the orc. You burn the orc. You claw the orc.
You kill the orc!
Sif Muna accepts your kill. The orc warrior misses you. x2
You sock the orc warrior! You burn the orc warrior. You claw the orc warrior.
The orc warrior is almost dead.
The orc warrior hits you with a hand axe!
You sock the orc warrior! You burn the orc warrior.
You kill the orc warrior!
Sif Muna accepts your kill.
Items here: ))) [ † a hand axe; a ring mail; a battleaxe; a hand axe; a hobgoblin corpse You butcher the hobgoblin corpse.
L - 7 chunks of flesh (gained 4)
Items here: ))) [ a hand axe; a ring mail; a battleaxe; a hand axe
There is an open door, spattered with blood here.
Items here: ))) [[[ †† You butcher the gnoll corpse.
There is an open door, spattered with blood here.
Items here: % ))) [[[ †
Things that are here:
a leather armour; a hand axe You start resting.
Eating one of 7 chunks of flesh.
You eat one of the 7 chunks of flesh.
This raw flesh tastes terrible.
Okay, then.
Okay, then.
Okay, then.
Really read
C - 3 scrolls of teleportation {!r}?
As you read the scroll of teleportation {!r}, it crumbles to dust.
You feel strangely unstable. The orc knight misses you.
You see here a spear.
Your surroundings suddenly seem different.
A goblin comes into view. It is wielding a hand axe.
The orc sorcerer shouts!
The hobgoblin shouts!
The goblin shouts!
There is an open door here.
The orc sorcerer casts a spell.
There is an open door here.
You are starting to lose your buoyancy.
Okay, then.
A goblin and an orc warrior come into view.
The goblin shouts!
The orc warrior shouts!
You hear a distant "Zot"!
The orc sorcerer points at you and mumbles some strange words.
The bolt of fire hits you! The fire burns you terribly!
* * * LOW HITPOINT WARNING * * *
You hear a shout!
You hear a shout!
Okay, then.
Really quaff
E - a potion of curing {!q}?
You feel better.
The orc warrior hits you with a war axe!
* * * LOW HITPOINT WARNING * * *
The orc sorcerer casts a spell at you. The bolt of fire hits you!
The fire burns you terribly!
Ouch! That really hurt!
You die...

#≈≈≈≈≈≈≈≈≈.#..#!!..'o+..%%
#≈≈≈≈≈≈≈≈≈.#..############
#≈≈≈≈≈≈≈≈≈.##'#........o..
#≈≈≈≈≈≈≈≈≈.'.g......_.....
#≈≈≈≈≈≈≈≈≈.#.8............
#≈≈≈≈≈≈≈≈≈o#......g..)....
#≈≈≈≈≈≈≈≈≈.#o8)###########
#≈≈≈≈≈≈≈§§§#.....#######..
#≈≈≈≈≈≈≈≈@.#38...#.....#..
#≈≈≈≈≈≈≈≈≈§#.....#.....# .
#≈≈≈≈≈≈≈≈#o####.g#..⌠..#..
#≈≈≈≈≈≈≈≈#g.. #..'.....+
#≈≈≈≈≈≈≈≈#....#..'.)...+
#≈≈≈≈≈≈≈≈###..#####)''####
#≈≈≈≈≈≈≈≈# ..#....).o..4.
#≈≈≈≈≈≈≈≈######≈o≈≈...≈≈≈o
#≈≈≈≈≈≈≈≈≈≈≈≈≈≈≈≈≈≈...≈≈≈≈


You could see an orc sorcerer, an orc warrior and a goblin.

Vanquished Creatures
  The ghost of anet the Poker, an amateur MfWn of Ashenzari (D:4)
  Sigmund (D:3)
  2 ogres
  2 ice beasts
  3 orc warriors (Bailey)
  2 sky beasts
  A phantom (D:5)
  2 centaurs (D:6)
  The ghost of Amnesiac the Gusty, an amateur TeAE (D:5)
  4 bullfrogs
  3 scorpions
  3 wights
  A howler monkey (D:4)
  3 electric eels (Bailey)
  A crimson imp (D:6)
  A hound (D:7)
  Crazy Yiuf (D:3)
  An orc priest (D:7)
  A bullfrog skeleton (D:4)
  A gnoll shaman (D:5)
  4 orc wizards
  A centaur skeleton (D:5)
  Natasha (thrice) (D:2 D:4)
  8 worker ants
  A hound skeleton (D:5)
  A worker ant zombie (D:5)
  Robin (D:2)
  7 gnolls
  7 adders
  A shadow imp (D:7)
  3 worms
  2 dart slugs
  4 leopard geckos
  19 orcs
  3 ball pythons
  A giant cockroach (D:1)
  22 goblins
  11 hobgoblins
  7 kobolds
  2 quokkas
  7 bats
  3 frilled lizards
  2 leopard gecko skeletons (D:4)
  A quokka zombie (D:5)
  9 rats
  A fungus (D:3)
166 creatures vanquished.

Vanquished Creatures (others)
  A worker ant (D:7)
  A leopard gecko (D:2)
  An orc (D:5)
  A goblin (D:2)
  A hobgoblin (D:2)
5 creatures vanquished.

Grand Total: 171 creatures vanquished

Notes
Turn   | Place    | Note
-------+----------+-------------------------------------------
     0 | D:1      | Amnesiac the Tengu Air Elementalist began the quest for the Orb.
     0 | D:1      | Reached XP level 1. HP: 10/10 MP: 4/4
    32 | D:1      | Reached skill level 1 in Fighting
   300 | D:1      | Reached XP level 2. HP: 16/16 MP: 1/6
   463 | D:1      | Reached XP level 3. HP: 21/21 MP: 3/7
   971 | D:2      | Noticed Natasha
   981 | D:2      | Killed Natasha
  1033 | D:2      | Reached XP level 4. HP: 18/27 MP: 2/8
  1056 | D:2      | Learned a level 4 spell: Airstrike
  1175 | D:2      | Noticed Robin
  1219 | D:2      | Noticed Natasha
  1229 | D:2      | Killed Natasha
  1244 | D:2      | Killed Robin
  1516 | D:2      | Found a radiant altar of Vehumet.
  1645 | D:2      | Noticed Natasha
  2213 | D:3      | Gained mutation: You can fly. [Tengu growth]
  2213 | D:3      | Reached XP level 5. HP: 27/32 MP: 9/9
  2491 | D:3      | Noticed Sigmund
  2856 | D:3      | Found a runed door.
  2926 | D:4      | Killed Natasha
  3262 | D:4      | Reached XP level 6. HP: 22/38 MP: 4/10
  3612 | D:4      | Noticed anet's ghost (amateur MfWn)
  3642 | D:5      | Entered Level 5 of the Dungeon
  3642 | D:5      | Noticed Amnesiac's ghost (amateur TeAE)
  3925 | D:4      | Reached skill level 5 in Dodging
  4150 | D:4      | You fall through a shaft!
  4568 | D:4      | Reached skill level 5 in Fighting
  4568 | D:4      | Reached XP level 7. HP: 44/44 MP: 1/11
  5821 | D:6      | Reached XP level 8. HP: 11/51 MP: 1/12
  6058 | D:6      | Found a shadowy altar of Dithmenos.
  6179 | D:6      | Got a transparent mace {flame}
  6180 | D:6      | Identified the +10 mace of the Turnip {flame, Str+10} (You took it off a crimson imp on level 6 of the Dungeon)
  6376 | D:6      | Found a hazy altar of Hepliaklqana.
  6866 | D:7      | Found a glowing golden altar of the Shining One.
  7013 | D:7      | Reached XP level 9. HP: 35/59 MP: 13/13
  7086 | D:7      | Found Raicurex's Gadget Shoppe.
  7133 | D:7      | Found a staircase to the Ecumenical Temple.
  7142 | Temple   | Entered the Ecumenical Temple
  7363 | Temple   | Became a worshipper of Sif Muna the Loreminder
  7527 | D:5      | Killed Amnesiac's ghost
  7655 | D:3      | Killed Sigmund
  7711 | D:3      | Noticed Crazy Yiuf
  7716 | D:3      | Killed Crazy Yiuf
  8331 | D:4      | Killed anet's ghost
  8788 | D:8      | Reached skill level 1 in Shields
  8857 | D:8      | Found a flagged portal.
  8960 | Bailey   | Entered a bailey
  9023 | Bailey   | Found an iron altar of Okawaru.
  9023 | Bailey   | Noticed an orc sorcerer
  9023 | Bailey   | Noticed an orc high priest
  9075 | Bailey   | Reached * piety under Sif Muna
  9194 | Bailey   | Noticed an orc knight
  9194 | Bailey   | Noticed an orc knight
  9207 | Bailey   | Noticed a rust devil
  9207 | Bailey   | Noticed a red devil
  9433 | Bailey   | Noticed a hellwing
  9442 | Bailey   | Reached ** piety under Sif Muna
  9442 | Bailey   | Reached *** piety under Sif Muna
  9442 | Bailey   | Reached XP level 10. HP: 21/64 MP: 17/24
  9551 | Bailey   | Noticed a sun demon
  9560 | Bailey   | Killed from afar by an orc sorcerer

Vault maps used:
D:1:      dpeg_arrival_arbitrary_b, minmay_split_cup_small
D:2:      fiery_altar_vehumet, uniq_natasha, uniq_robin
D:3:      uniq_sigmund, uniq_crazy_yiuf_cottage
D:4:      first_ration
D:6:      marbit_many_paths, basic_altar
D:7:      tso_metal_star, lemuel_temple_firewalk_a, serial_shops, shop
D:8:      nemelex_xobeh_ov_fountains_minmay, enter_bailey_3
Temple:   dpeg_five_rooms_temple
Bailey:   bailey_axe_of_yendor_kennysheep, bailey

Skill      XL: |  1  2  3  4  5  6  7  8  9 |
---------------+----------------------------+-----
Fighting       | 1 2 3 4 5 6 7 8 |  8.1
Dodging        | 3 4 5 6 8 9 |  9.0
Spellcasting   | 9 |  9.4
Shields        | 4 |  4.0
Air Magic      | 9 |  9.4
Stealth        | |  2.0
Conjurations   | |  1.3

Action                   |  1- 3 |  4- 6 |  7- 9 | 10-12 || total
-------------------------+-------+-------+-------+-------++-------
Melee: Unarmed           |     8 |     1 |       |       ||     9
       Kick              |     2 |    19 |    32 |     3 ||    56
       Whip              |       |   128 |    12 |       ||   140
       Peck              |       |    15 |    19 |     1 ||    35
       Mace              |       |       |   103 |    11 ||   114
 Cast: Shock             |    41 |    77 |    95 |       ||   213
       Airstrike         |       |       |    11 |     2 ||    13
Invok: Divine Energy     |       |       |     1 |       ||     1
 Abil: Fly               |       |     3 |    21 |     2 ||    26
  Use: Potion            |       |     2 |     5 |     2 ||     9
       Scroll            |       |       |     6 |     2 ||     8
 Stab: Sleeping          |       |     4 |     3 |       ||     7
  Eat: Chunk             |     1 |    13 |    16 |     1 ||    31
       Ration            |       |       |     2 |       ||     2
Armor: Robe              |     3 |    11 |    15 |       ||    29
Dodge: Dodged            |    11 |   108 |   172 |    13 ||   304

Table legend:
 A = Spawn XP
 B = Non-spawn XP
 C = Spawn XP percentage of total XP
 D = Spawn monster count
 E = Non-spawn monster count
 F = Spawn count percentage of total count
 G = Total turns spent on level
                    A         B        C        D         E        F      G
               +---------+---------+-------+---------+---------+-------+---------
         Total |       0 |    4357 |   0.0 |       0 |     165 |   0.0 |  9560
               +---------+---------+-------+---------+---------+-------+---------
           D:1 |       0 |      36 |   0.0 |       0 |      14 |   0.0 |   748
           D:2 |       0 |     126 |   0.0 |       0 |      25 |   0.0 |  1505
           D:3 |       0 |     335 |   0.0 |       0 |      27 |   0.0 |  1011
           D:4 |       0 |     766 |   0.0 |       0 |      21 |   0.0 |  2480
           D:5 |       0 |     729 |   0.0 |       0 |      20 |   0.0 |  1275
           D:6 |       0 |     600 |   0.0 |       0 |      15 |   0.0 |   818
           D:7 |       0 |     714 |   0.0 |       0 |      13 |   0.0 |   680
           D:8 |       0 |     455 |   0.0 |       0 |       9 |   0.0 |   184
        Bailey |       0 |     596 |   0.0 |       0 |      21 |   0.0 |   600
               +---------+---------+-------+---------+---------+-------+---------
